[Event "Sardinia World Festival-A 2024"]
[Site "Orosei"]
[Date "2024.04.28"]
[Round "2.40"]
[White "Aizenberg, Benny"]
[Black "Akshit Kumar J"]
[Result "1-0"]
[ECO "C43"]
[WhiteElo "2409"]
[BlackElo "2172"]
[Annotator "TA"]
[PlyCount "83"]
[EventDate "2024.04.26"]
[EventType "swiss"]
[EventCountry "ITA"]
[SourceTitle "playchess.com"]
[Source "ChessBase"]
[SourceQuality "1"]
[TimeControl "40/5400+30:1800+30"]

1. e4 e5 2. Nf3 Nf6 3. d4 Nxe4 4. dxe5 d5 5. Nbd2 Qd7 6. Bd3 Nc5 7. Be2 Ne6 8. Nf1 {[%emt 0:00:10] The position is equal.} c5 9. Ng3 Nc6 10. O-O Be7 (10... g6 $5) 11. Nf5 O-O 12. c3 Rd8 13. Bd3 c4 14. Bb1 (14. Bc2 {simplifies} d4 15. N5xd4 Ncxd4 16. cxd4 Nxd4 17. Qxd4 Qxd4 18. Nxd4 Rxd4 19. Be3) 14... d4 15. cxd4 Nexd4 16. N3xd4 Nxd4 17. Nd6 Nc6 18. Qc2 (18. Bf5 $5 Qc7 $8 19. Bxh7+ (19. Bxc8 Raxc8 20. Nxc8 Rxd1 $17) 19... Kxh7 20. Qh5+ Kg8 21. Qxf7+ (21. Nxc4 $2 Be6 $19) 21... Kh7 22. Qh5+ Kg8 23. Qf7+ Kh7 24. Qh5+ Kg8 25. Qf7+ $11) 18... g6 19. Nxc4 (19. Qxc4 $2 Nxe5 20. Qe2 Qxd6 $19 (20... Bxd6 $2 21. Bg5 $19)) 19... Qc7 ({Black should try} 19... Qe6 $15 20. Qc3 b5) 20. Nd6 $132 {[%emt 0:04:37][%mdl 2048] White is fighting back} Bxd6 21. exd6 Qxd6 22. Bg5 Nd4 23. Qd1 f6 24. Be3 Kg7 25. Re1 Nf5 26. Qxd6 Nxd6 27. Bc2 Bf5 28. Bb3 Be4 (28... Rd7 $14) 29. Bc5 $16 {[%emt 0:02:32] [#] Bxd6 is the strong threat. This pair of bishops is nice.} Bc6 {[%emt 0:00:06] Black is weak on the dark squares} 30. Re7+ Kh6 31. Be3+ g5 32. Bc2 {[%emt 0:00:24][%csl Gc2][%cal Re7h7] Repels Nf5. White is much more active.} Rd7 33. Rxd7 Bxd7 34. Rd1 Bf5 35. Rxd6 Bxc2 36. Rxf6+ $18 {[%emt 0:00:29][%mdl 4096] Endgame. KRB-KRB} Kh5 (36... Kg7 $142 37. Bxg5 Bd3) 37. f3 {[%emt 0:03:51] [#] Threatening mate with g4+.} Bg6 38. g4+ Kh6 39. Rd6 {[%emt 0:01:09] Black must now prevent Bd4.} (39. h4 Kg7 40. hxg5 (40. Bxg5 Rf8 $18) 40... h6 $18) 39... Re8 40. Kf2 {[%emt 0:00:13][%cal Oe3d4] Hoping for Bd4!} ({Don't play} 40. Bxa7 Kg7 41. Rd7+ Kf6 42. Bd4+ (42. Rxb7 Bc2 $18) 42... Ke6 43. Rxb7 Bb1 $18) 40... Rc8 $2 (40... Kg7 41. Rd7+ (41. Bxg5 Bb1 $18) (41. Bxa7 Bf7 $18) 41... Kf6 42. Rxb7 (42. Bxa7 Re7 $18) 42... a6 43. Rb6+ Re6 44. Bxg5+ Kf7) 41. h4 {[%emt 0:31:36][%cal Bh2h4,Bh4h5][%mdl 32] And now h5! would win.} Rf8 $2 (41... Kg7 42. Bxg5 Be8 43. Bf6+ Kg8) 42. h5 {[%emt 0:00:00] Weighted Error Value: White=0.12 (very precise) /Black=0.26 (precise) .  Mistake:       	---       	Black=5      Inaccurate:     	White=3     	Black=1      OK:         	White=22    	Black=7      Best:        	White=2     	Black=7} 1-0

[Event "Sardinia World Festival-A 2024"]
[Site "Orosei"]
[Date "2024.04.28"]
[Round "2.41"]
[White "Cina`, Vittorio"]
[Black "Carlo, Emanuele"]
[Result "1/2-1/2"]
[ECO "D02"]
[WhiteElo "2165"]
[BlackElo "2363"]
[Annotator "RC"]
[PlyCount "124"]
[EventDate "2024.04.26"]
[EventType "swiss"]
[EventCountry "ITA"]
[SourceTitle "playchess.com"]
[Source "ChessBase"]
[SourceQuality "1"]
[TimeControl "40/5400+30:1800+30"]

1. Nf3 Nf6 2. g3 d5 3. Bg2 g6 4. d4 Bg7 5. O-O c6 6. a4 O-O 7. Bf4 Nbd7 8. a5 h6 9. Qc1 Kh7 10. c4 Nh5 11. cxd5 Nxf4 12. Qxf4 cxd5 13. Rc1 Nb8 14. Nbd2 Nc6 15. Nb3 a6 16. Qd2 Qd6 17. Rc5 e6 18. e3 Bd7 19. Ne1 Na7 20. Qb4 Bb5 21. Bf1 Nc6 22. Qd2 Bxf1 23. Kxf1 Rad8 24. Nd3 e5 25. dxe5 Nxe5 26. Nxe5 Qxe5 27. Rd1 Rc8 28. Rdc1 Rxc5 29. Rxc5 Rd8 30. Kg1 Kg8 31. Rc2 h5 32. h4 Qe4 33. Nc5 Qe7 34. b3 d4 35. e4 d3 36. Rc1 Bd4 37. Nxd3 Qxe4 38. Ne1 Qe5 39. Qg5 Qxg5 40. hxg5 Rd5 41. Rc8+ Kg7 42. Nf3 Bb2 43. Rc2 Be5 44. Re2 Bd6 45. Rd2 Rxd2 46. Nxd2 Bb4 47. Nc4 Kf8 48. Kg2 Ke7 49. f4 Ke6 50. Kf2 Kd5 51. Ke3 Bc3 52. Ke2 Kc5 53. Ke3 Kb4 54. Nd6 Kxa5 55. Nxf7 Kb4 56. Nd6 b5 57. Ne4 Bg7 58. Kd3 Kxb3 59. Nc5+ Ka3 60. Nxa6 b4 61. Kc2 Bf8 62. Nxb4 Kxb4 1/2-1/2

[Event "Sardinia World Festival-A 2024"]
[Site "Orosei"]
[Date "2024.04.28"]
[Round "2.42"]
[White "Shearsby, Jude"]
[Black "Lewtak, Damian"]
[Result "1/2-1/2"]
[ECO "C00"]
[WhiteElo "2084"]
[BlackElo "2343"]
[Annotator "TA"]
[PlyCount "48"]
[EventDate "2024.04.26"]
[EventType "swiss"]
[EventCountry "ITA"]
[SourceTitle "playchess.com"]
[Source "ChessBase"]
[SourceQuality "1"]
[TimeControl "40/5400+30:1800+30"]

1. e4 c5 2. Nf3 e6 3. Qe2 Nc6 4. g3 g6 5. Bg2 Bg7 6. O-O Nge7 7. c3 e5 8. Na3 O-O 9. Nc2 d5 10. d3 d4 11. Nd2 Be6 12. c4 Qd7 13. f4 exf4 14. gxf4 f5 15. e5 g5 16. b4 gxf4 (16... Nxb4 17. Nxb4 cxb4 18. a3 $14) 17. Nb3 cxb4 (17... Nxe5 18. Bxf4 Qd6 19. bxc5 $18 (19. Nxc5 Bc8 $16)) 18. Bxf4 (18. a3 $5) 18... b6 19. Bg5 {[%emt 0:03:21] [#] Bxe7 is the strong threat.} Rad8 (19... Bxe5 $2 {loses.} 20. Bxe7 Nxe7 21. Qxe5 $18) 20. Bxe7 Nxe7 21. Nbxd4 a5 22. Rae1 ({White should try} 22. Nxe6 $14 Qxe6 23. d4) 22... Ng6 (22... b5 $1 $15 23. cxb5 Bxa2) 23. Nxe6 Qxe6 24. d4 Kh8 {[%emt 0:09:31] Weighted Error Value: White=0.22 (precise) /Black=0.23 (precise) .  Mistake:       	White=1     	Black=1      Inaccurate:     	White=4     	Black=6      OK:         	White=7     	Black=6} 1/2-1/2

[Event "Sardinia World Festival-A 2024"]
[Site "Orosei"]
[Date "2024.04.28"]
[Round "2.43"]
[White "Roesch, Mario"]
[Black "Saine, Zachary"]
[Result "1-0"]
[ECO "D46"]
[WhiteElo "2207"]
[BlackElo "2032"]
[Annotator "NA RC"]
[PlyCount "63"]
[EventDate "2024.04.26"]
[EventType "swiss"]
[EventCountry "ITA"]
[SourceTitle "playchess.com"]
[Source "ChessBase"]
[SourceQuality "1"]
[TimeControl "40/5400+30:1800+30"]

1. Nf3 d5 2. d4 Nf6 3. c4 e6 4. Nc3 c6 5. e3 Nbd7 6. Qc2 Bd6 7. Bd3 dxc4 8. Bxc4 b5 9. Bd3 Bb7 10. O-O a6 11. e4 e5 12. Bg5 O-O 13. dxe5 Nxe5 14. Nxe5 Bxe5 15. f4 Bd4+ 16. Kh1 h6 17. Bh4 Qb6 18. Ne2 c5 19. Nxd4 cxd4 20. Rac1 Rfe8 21. Bxf6 Qxf6 22. e5 Qe6 23. b3 Qd5 24. Rce1 Rac8 25. Qd2 Red8 26. f5 Qc5 27. f6 Qc3 28. Qe2 g6 29. e6 Bd5 30. Bxg6 Bxe6 31. Bxf7+ Kxf7 32. Qxe6+ 1-0

[Event "Sardinia World Festival-A 2024"]
[Site "Orosei"]
[Date "2024.04.28"]
[Round "2.44"]
[White "Fileri, Francesco"]
[Black "Joel Paul Ganta"]
[Result "1/2-1/2"]
[ECO "C02"]
[WhiteElo "1855"]
[BlackElo "1969"]
[Annotator "NA RC"]
[PlyCount "96"]
[EventDate "2024.04.26"]
[EventType "swiss"]
[EventCountry "ITA"]
[SourceTitle "playchess.com"]
[Source "ChessBase"]
[SourceQuality "1"]
[TimeControl "40/5400+30:1800+30"]

1. d4 d5 2. c4 c6 3. cxd5 cxd5 4. Nc3 Nc6 5. e4 e6 6. e5 Qb6 7. Nf3 Bd7 8. Bb5 Nge7 9. Bxc6 Nxc6 10. O-O Be7 11. b3 a6 12. Be3 g5 13. Na4 Qd8 14. Kh1 b5 15. Nb2 g4 16. Ng1 Rg8 17. Ne2 h5 18. Nd3 Qb6 19. a4 b4 20. a5 Nxa5 21. Nb2 Nb7 22. f4 h4 23. Rc1 Na5 24. f5 exf5 25. Na4 Bxa4 26. bxa4 Nc4 27. Rxc4 dxc4 28. a5 Qxa5 29. d5 h3 30. d6 hxg2+ 31. Kxg2 O-O-O 32. Qd4 Qb5 33. Rc1 Qb7+ 34. Kg1 c3 35. Nxc3 bxc3 36. Rxc3+ Kd7 37. Rc7+ Qxc7 38. dxc7+ Kxc7 39. Qa7+ Kc6 40. Qxe7 Kd5 41. Bf4 Ke4 42. Bg3 f4 43. e6 fxe6 44. Qxe6+ Kd4 45. Bxf4 Ra8 46. Qe5+ Kc4 47. Qe4+ Kc5 48. Qe5+ Kc4 1/2-1/2

[Event "Sardinia World Festival-A 2024"]
[Site "Orosei"]
[Date "2024.04.28"]
[Round "2.45"]
[White "Nassa, Nicolas"]
[Black "Molinari, Carlo"]
[Result "1/2-1/2"]
[ECO "C55"]
[WhiteElo "1969"]
[BlackElo "1867"]
[Annotator "TA"]
[PlyCount "34"]
[EventDate "2024.04.26"]
[EventType "swiss"]
[EventCountry "ITA"]
[SourceTitle "playchess.com"]
[Source "ChessBase"]
[SourceQuality "1"]
[TimeControl "40/5400+30:1800+30"]

1. e4 e5 2. Nf3 Nc6 3. Bc4 Nf6 4. d3 Be7 5. Nbd2 O-O 6. O-O d6 7. c3 Na5 8. Bb5 c6 9. Ba4 b5 10. Bc2 {[%emt 0:00:05] White has an edge.} Qc7 11. Re1 c5 12. Nf1 Nc6 13. Ng3 Be6 {[%emt 0:05:03] The position is equal.} 14. Bg5 Rfe8 15. Nh4 g6 {[%emt 0:09:11] Wards off Nhf5} 16. Qd2 Qd8 (16... Qd7 $5) 17. Nf3 Bg4 {[%emt 0:10:48] Weighted Error Value: White=0.05 (flawless) /Black=0.06 (flawless) .  Inaccurate:     	---       	Black=1      OK:         	White=5     	Black=4} 1/2-1/2

[Event "Sardinia World Festival-A 2024"]
[Site "Orosei"]
[Date "2024.04.28"]
[Round "2.46"]
[White "Solaroli, Riccardo"]
[Black "Wang, Shanshan"]
[Result "1-0"]
[ECO "B50"]
[WhiteElo "1828"]
[BlackElo "1966"]
[Annotator "NA RC"]
[PlyCount "140"]
[EventDate "2024.04.26"]
[EventType "swiss"]
[EventCountry "ITA"]
[SourceTitle "playchess.com"]
[Source "ChessBase"]
[SourceQuality "1"]
[TimeControl "40/5400+30:1800+30"]

1. e4 c5 2. Nf3 d6 3. c3 Nf6 4. Be2 g6 5. O-O Bg7 6. Re1 O-O 7. Bf1 Nc6 8. d4 Bg4 9. dxc5 dxc5 10. Qxd8 Rfxd8 11. Nbd2 a6 12. h3 Bxf3 13. Nxf3 b5 14. a4 b4 15. e5 Nd5 16. c4 Nc7 17. b3 Ne6 18. Rb1 Ned4 19. Nxd4 Nxd4 20. f4 Rd7 21. Be3 Nc2 22. Re2 Nxe3 23. Rxe3 Rd4 24. g3 Rad8 25. Rbe1 e6 26. Kf2 h6 27. Bg2 a5 28. Re4 Rxe4 29. Rxe4 g5 30. Ke2 Kf8 31. Re3 gxf4 32. gxf4 Rd4 33. Re4 Rd7 34. Re3 Ra7 35. Rd3 Ke7 36. Bf3 f6 37. exf6+ Bxf6 38. Bg4 Bd4 39. Kf3 Kf6 40. Rd2 Re7 41. Re2 e5 42. fxe5+ Bxe5 43. Rd2 Bd4 44. Re2 Rf7 45. Bh5 Rg7 46. Bg4 Kg5 47. Be6 Re7 48. Kg3 h5 49. Kf3 Kf6 50. Bd5 Be5 51. Rg2 h4 52. Rg4 Rh7 53. Be4 Rh8 54. Rg6+ Ke7 55. Ra6 Rf8+ 56. Ke2 Bd4 57. Bf3 Kd7 58. Rxa5 Re8+ 59. Kd1 Re3 60. Bg4+ Kc7 61. Rb5 Rxb3 62. a5 Ra3 63. Bf5 b3 64. Be4 b2 65. Bf5 Kd6 66. Rb6+ Ke5 67. Bg4 Ra1+ 68. Kd2 b1=Q 69. Rxb1 Rxb1 70. a6 Ra1 1-0

[Event "Sardinia World Festival-A 2024"]
[Site "Orosei"]
[Date "2024.04.28"]
[Round "2.47"]
[White "Botez, Alexandra"]
[Black "Dieli, Riccardo"]
[Result "1-0"]
[ECO "A59"]
[WhiteElo "1970"]
[BlackElo "1873"]
[Annotator "NA RC"]
[PlyCount "65"]
[EventDate "2024.04.26"]
[EventType "swiss"]
[EventCountry "ITA"]
[SourceTitle "playchess.com"]
[Source "ChessBase"]
[SourceQuality "1"]
[TimeControl "40/5400+30:1800+30"]

1. d4 Nf6 2. c4 c5 3. d5 b5 4. cxb5 a6 5. bxa6 Bxa6 6. Nc3 g6 7. e4 Bxf1 8. Kxf1 d6 9. g3 Bg7 10. Kg2 O-O 11. Nf3 Nbd7 12. a4 Ng4 13. Qc2 Nge5 14. Nxe5 Nxe5 15. f4 Nd7 16. b3 Qb6 17. Rb1 Rfc8 18. Bd2 Nb8 19. Nb5 Na6 20. Na3 Nb4 21. Bxb4 Qxb4 22. Nc4 Rcb8 23. Rhc1 Qb7 24. Qd3 Qa6 25. Rf1 Rb4 26. h4 Rab8 27. Qf3 Rf8 28. f5 f6 29. fxg6 hxg6 30. Qg4 Qb7 31. Na5 Qb6 32. Nc6 Rxb3 33. Nxe7+ 1-0

[Event "Sardinia World Festival-A 2024"]
[Site "Orosei"]
[Date "2024.04.28"]
[Round "2.48"]
[White "Corvi, Maddalena"]
[Black "Botez, Andrea"]
[Result "0-1"]
[ECO "E97"]
[WhiteElo "1641"]
[BlackElo "1879"]
[Annotator "NA RC"]
[PlyCount "129"]
[EventDate "2024.04.26"]
[EventType "swiss"]
[EventCountry "ITA"]
[SourceTitle "playchess.com"]
[Source "ChessBase"]
[SourceQuality "1"]
[TimeControl "40/5400+30:1800+30"]

1. d4 Nf6 2. c4 g6 3. Nc3 Bg7 4. e4 d6 5. Nf3 O-O 6. Be2 Qe8 7. Bg5 e5 8. d5 h6 9. Bh4 g5 10. Bg3 Nh5 11. Nd2 Nxg3 12. hxg3 f5 13. exf5 Bxf5 14. Nde4 a5 15. b3 Na6 16. Qc2 Qe7 17. a3 Rab8 18. Rb1 Nc5 19. b4 axb4 20. axb4 Nxe4 21. Nxe4 c6 22. Qd3 cxd5 23. Qxd5+ Qf7 24. Qxf7+ Rxf7 25. Bd3 b5 26. cxb5 d5 27. Nc5 e4 28. Be2 e3 29. Rb3 exf2+ 30. Kxf2 Be4+ 31. Ke3 Bxg2 32. Rg1 Re8+ 33. Kd3 Bf3 34. Re1 Bxe2+ 35. Rxe2 Rb8 36. Rg2 Rxb5 37. Kc2 Be5 38. Re2 Bd6 39. Re8+ Kg7 40. Nd3 Bxg3 41. Kc3 Rbb7 42. Kd4 Rf5 43. b5 Rf3 44. Kc5 Bf2+ 45. Kxd5 Bg1 46. Re1 Ba7 47. Re6 g4 48. Kc4 Bb6 49. Kd5 Bd8 50. Rd6 Be7 51. Re6 Bd8 52. Rc6 g3 53. Rg6+ Kh7 54. Rd6 Ba5 55. Ke4 Rf1 56. Nf4 Re7+ 57. Re6 Rxf4+ 58. Kxf4 Rxe6 59. Kxg3 Bc7+ 60. Kh4 Kg6 61. Rb4 h5 62. Rb3 Re4+ 63. Kh3 Re6 64. Kh4 Bb6 65. Rb2 0-1

[Event "Sardinia World Festival-A 2024"]
[Site "Orosei"]
[Date "2024.04.28"]
[Round "2.50"]
[White "Geraci, Daniele"]
[Black "Piovesan, Sara"]
[Result "0-1"]
[ECO "C24"]
[WhiteElo "1486"]
[BlackElo "1579"]
[Annotator "NA RC"]
[PlyCount "50"]
[EventDate "2024.04.26"]
[EventType "swiss"]
[EventCountry "ITA"]
[SourceTitle "playchess.com"]
[Source "ChessBase"]
[SourceQuality "1"]
[TimeControl "40/5400+30:1800+30"]

1. e4 e5 2. Bc4 Nf6 3. d3 c6 4. Bg5 d5 5. Bxf6 gxf6 6. exd5 cxd5 7. Bb3 a5 8. c3 Bf5 9. Qf3 Be6 10. a3 a4 11. Ba2 Be7 12. Nd2 Ra6 13. Ne2 Rd6 14. Ng3 Qd7 15. Nh5 Bg4 16. Ng7+ Kf8 17. Qg3 Rg8 18. h3 Bf5 19. Nxf5 Rxg3 20. Nxg3 Qb5 21. O-O-O Rb6 22. b4 axb3 23. Nxb3 Nc6 24. Kc2 Na5 25. Rb1 Qa4 0-1

[Event "Sardinia World Festival-A 2024"]
[Site "Orosei"]
[Date "2024.04.29"]
[Round "3.1"]
[White "Zhalmakhanov, Ramazan"]
[Black "Sjugirov, Sanan"]
[Result "1/2-1/2"]
[ECO "C88"]
[WhiteElo "2490"]
[BlackElo "2689"]
[Annotator "TA"]
[PlyCount "49"]
[EventDate "2024.04.26"]
[EventType "swiss"]
[EventCountry "ITA"]
[SourceTitle "playchess.com"]
[Source "ChessBase"]
[SourceQuality "1"]
[TimeControl "40/5400+30:1800+30"]

1. e4 e5 2. Nf3 Nc6 3. Bb5 a6 4. Ba4 Nf6 5. O-O Be7 6. Re1 b5 7. Bb3 Bb7 8. d4 Nxd4 {[%emt 0:01:12] [#]} 9. Bxf7+ Kf8 $1 {[%emt 0:00:53] ...Nxf3+ is the strong threat.} ({But not} 9... Kxf7 10. Nxe5+ Kg8 11. Qxd4 $16) 10. Nxe5 d6 $1 {[%emt 0:00:45] White has an edge.} 11. Qxd4 {[%emt 0:00:48][%cal Of7e6] And now Be6! would win.} dxe5 12. Qxd8+ Rxd8 13. Be6 Nxe4 14. Be3 Nc5 15. Bg4 Kf7 16. Nc3 Ne6 17. Rac1 Nd4 18. Bd1 Nf5 19. Ba7 Ra8 20. Bc5 Bxc5 21. Rxe5 Bd6 22. Rxf5+ Kg6 23. Rh5 Bf4 {[%emt 0:04:48] This pair of bishops is nice.} 24. Rb1 Rad8 {[%emt 0:00:08][%cal Od8d1] [#] aiming for ...Rxd1+!} 25. Rh3 {[%emt 0:03:25] Weighted Error Value: White=0.05 (flawless) /Black=0.05 (flawless) .  Inaccurate:     	---       	Black=1      OK:         	White=9     	Black=6      Best:        	White=1     	Black=2      Strong:       	---       	Black=2} 1/2-1/2

[Event "Sardinia World Festival-A 2024"]
[Site "Orosei"]
[Date "2024.04.29"]
[Round "3.2"]
[White "Pichot, Alan"]
[Black "Girel, Joseph"]
[Result "1-0"]
[ECO "B47"]
[WhiteElo "2644"]
[BlackElo "2479"]
[Annotator "TA"]
[PlyCount "97"]
[EventDate "2024.04.26"]
[EventType "swiss"]
[EventCountry "ITA"]
[SourceTitle "playchess.com"]
[Source "ChessBase"]
[SourceQuality "1"]
[TimeControl "40/5400+30:1800+30"]

1. e4 c5 2. Nf3 a6 3. Nc3 e6 4. g3 Nc6 5. d4 cxd4 6. Nxd4 Qc7 7. Bg2 Nf6 8. O-O Nxd4 9. Qxd4 Bc5 10. Bf4 d6 11. Qd2 h6 12. Rad1 e5 13. Be3 Bb4 14. a3 (14. Nb5 $5 axb5 15. Qxb4 $14) 14... Bxc3 15. Qxc3 Qxc3 {[%emt 0:00:24] White has an edge.} 16. bxc3 Be6 17. Rxd6 Rc8 18. Bd2 Ke7 19. Rb6 Rhd8 20. Rxb7+ Ke8 21. Bc1 Rxc3 22. Bb2 Rc5 23. h3 (23. Rb1 $14) 23... Rd2 {[%emt 0:03:07] [#]} 24. c4 $1 Nd7 25. Bc3 Rc2 26. Bb4 {[%emt 0:00:38] Threatens to win with Rxd7.} R5xc4 27. f4 exf4 28. gxf4 {[%emt 0:00:08] aiming for f5.} f5 29. Re1 Rc1 30. Rxc1 Rxc1+ 31. Kf2 Rc2+ 32. Kg3 g5 33. Bf3 fxe4 34. Bxe4 gxf4+ 35. Kxf4 Rc4 {[%emt 0:00:45][%cal Oe6d5] Strongly threatening ...Bd5!} 36. Ke3 Bxh3 (36... a5 $11 37. Bg6+ (37. Bxa5 Rxe4+ 38. Kxe4 Nc5+ 39. Ke5 Nxb7 $11) 37... Kd8 38. Bxa5+ Kc8) 37. Ra7 $16 Be6 {[%emt 0:05:39] Prevents Bd5} 38. Bg6+ Kd8 39. Rxa6 {[%emt 0:01:10] White is more active.} Bd5 40. Bf5 {[%emt 0:01:07][%cal Of5d7] Hoping for Bxd7!} Bb7 $2 (40... Bc6 $11 {and Black stays safe.}) 41. Rxh6 $2 (41. Re6 $1 $18 {Black must now prevent Ba5+.} Kc8 42. Rxh6) 41... Nc5 $2 {[%emt 0:06:01][%mdl 8192] [#]} (41... Bc6 $16 {is tougher.}) 42. Rh7 $1 $18 Bc6 {[%emt 0:07:16] [#]} 43. Ba5+ $1 {[%emt 0:02:11] A strong pair of Bishops.} Ke8 44. Rc7 {[%emt 0:00:22] Rc8+ would kill now.} Ra4 45. Bb4 Na6 46. Rc8+ (46. Rxc6 Nxb4 47. axb4 Rxb4 $14) 46... Kf7 47. Bc2 ({Stronger than} 47. Rxc6 Nxb4 48. axb4 Rxb4 $11) 47... Rxb4 (47... Bb5 $18 48. Bb3+ Kg6 49. Rg8+ (49. Bxa4 Bxa4 50. Ra8 Bb5 $18) 49... Kf6 50. Rf8+ (50. Bxa4 Bxa4 51. Ra8 Bb5 $18) 50... Kg6 51. Bxa4 Bxa4) 48. Rxc6 ({Worse is} 48. axb4 Nxb4 49. Be4 Nd5+ 50. Kf3 Ne7 $11) 48... Rb2 49. Bg6+ {[%emt 0:00:05] Weighted Error Value: White=0.20 (precise) /Black=0.66.  Loses game:     	---       	Black=2      Missed win:     	White=1     	---        Mistake:       	White=1     	Black=2      Inaccurate:     	White=2     	Black=3      OK:         	White=16    	Black=18     Best:        	White=5     	Black=1      Strong:       	White=2     	---} 1-0

[Event "Sardinia World Festival-A 2024"]
[Site "Orosei"]
[Date "2024.04.29"]
[Round "3.3"]
[White "Velten, Paul"]
[Black "Dardha, Daniel"]
[Result "1/2-1/2"]
[ECO "B32"]
[WhiteElo "2481"]
[BlackElo "2630"]
[Annotator "TA"]
[PlyCount "78"]
[EventDate "2024.04.26"]
[EventType "swiss"]
[EventCountry "ITA"]
[SourceTitle "playchess.com"]
[Source "ChessBase"]
[SourceQuality "1"]
[TimeControl "40/5400+30:1800+30"]

1. e4 c5 2. Nf3 Nc6 3. d4 cxd4 4. Nxd4 e5 5. Nb5 d6 6. c4 g6 7. Bd3 Be6 8. O-O Rc8 {[%emt 0:03:07] White is slightly better.} 9. N5c3 Bh6 10. Nd5 Bxc1 11. Qxc1 Nf6 12. Nbc3 O-O 13. Nxf6+ Qxf6 14. b3 a6 15. Qd2 h5 16. Rad1 Kg7 17. Nd5 Qd8 18. f4 exf4 19. Nxf4 (19. Qxf4 Bxd5 20. exd5 Ne5 $11) 19... Bg4 20. Be2 Re8 21. Bxg4 ({Don't play} 21. Qxd6 $6 Rxe4 22. Bxg4 hxg4 $11) (21. Nd5 {is more complex.} Be6 22. Nf6 Rh8 23. Qe3) 21... hxg4 22. Qf2 (22. Qxd6 Rxe4 23. Qd7 Qxd7 24. Rxd7 b5 $14) (22. Qb2+ $16 Ne5 23. Nd5) 22... Ne5 $1 $14 23. Rd5 Qe7 24. Qd4 Rc6 (24... b5 $14) 25. Nd3 $16 {[%emt 0:02:23] White is more active.} Qc7 26. Nxe5 (26. Nb4 $16 Rb6 27. Qd2) 26... dxe5 $11 27. Qd1 Qb6+ {[%emt 0:01:27] The position is equal.} 28. Rf2 Qe3 29. Qxg4 {[%emt 0:02:27] Hoping for Qf3.} b5 30. Qf3 (30. cxb5 $2 {is the wrong capture.} Rc2 31. Qf3 Rc1+ 32. Rd1 Qxf3 33. Rxc1 Qxe4 (33... Qe3 $2 34. Rc7 $19) 34. bxa6 Re7 $19) 30... Qxf3 31. Rxf3 bxc4 {[%emt 0:00:04][%mdl 4096] Endgame. KRR-KRR} 32. Rc3 Rec8 33. Rxe5 cxb3 {[%emt 0:00:44] [#] ...b2 would now be deadly.} 34. Rxc6 Rxc6 35. axb3 {[%emt 0:00:04] KR-KR} Rc1+ 36. Kf2 Rc2+ 37. Kf1 Rc1+ 38. Kf2 Rc2+ 39. Kf1 Rc1+ {[%emt 0:00:05] Weighted Error Value: White=0.12 (very precise) /Black=0.10 (very precise) .  Mistake:       	White=2     	Black=1      Inaccurate:     	White=3     	Black=2      OK:         	White=14    	Black=10     Best:        	White=1     	Black=1      Strong:       	---       	Black=1} 1/2-1/2

[Event "Sardinia World Festival-A 2024"]
[Site "Orosei"]
[Date "2024.04.29"]
[Round "3.4"]
[White "Fromm, Marius"]
[Black "Moussard, Jules"]
[Result "0-1"]
[ECO "B52"]
[WhiteElo "2454"]
[BlackElo "2610"]
[Annotator "TA"]
[PlyCount "126"]
[EventDate "2024.04.26"]
[EventType "swiss"]
[EventCountry "ITA"]
[SourceTitle "playchess.com"]
[Source "ChessBase"]
[SourceQuality "1"]
[TimeControl "40/5400+30:1800+30"]

1. e4 c5 2. Nf3 d6 3. Bb5+ Bd7 4. Bxd7+ Nxd7 5. O-O e6 6. c4 {[%emt 0:01:01] B52: Sicilian: Moscow Variation with 3...Bd7.} Be7 {[%emt 0:02:52] 6...Ne5 is a critical line.} 7. d4 cxd4 8. Nxd4 a6 9. b3 Bf6 10. Nc3 Rc8 $146 ({Predecessor:} 10... Ne7 11. Bb2 O-O 12. Nde2 Nc5 13. Qc2 Nc6 14. Ng3 Nb4 15. Qe2 Nbd3 16. Rad1 Nxb2 17. Qxb2 {½-½ Sadhwani,R (2654)-Amangeldy,E (2134) Wch Rapid Samarkand 2023 (8)}) 11. Bb2 Ne7 12. Rc1 O-O 13. Qd2 Nc6 14. Nxc6 Rxc6 15. Ne2 Nc5 16. Bxf6 Qxf6 17. Nd4 Rcc8 18. Rfe1 Rfd8 19. Qe3 Nd7 20. h3 Qe5 21. Rcd1 Nf6 22. Re2 h6 23. Nf3 Qc5 24. Nd4 b5 25. cxb5 axb5 26. Rc2 Qh5 27. f3 Rxc2 28. Nxc2 d5 29. e5 Nd7 30. Nd4 Ra8 (30... Nxe5 $6 31. g4 Qg5 (31... Qxh3 $2 32. Qxe5 Ra8 33. Rd2 $18) 32. f4 Nxg4 33. Qg3 $16 (33. Qf3 Ne5+ 34. fxg5 Nxf3+ 35. Nxf3 hxg5 $16)) 31. Rd2 Rb8 (31... Nxe5 $6 32. g4 Qg5 (32... Qxh3 $2 33. Qxe5 Qh4 34. Rc2 $18) 33. f4 Nxg4 34. Qg3 $16 (34. hxg4 Qxg4+ 35. Rg2 Qd1+ 36. Kh2 Qh5+ 37. Qh3 Qd1 $14)) (31... Rc8 $11) 32. f4 $16 b4 33. Rc2 Nf8 34. Kh2 Ng6 {[%emt 0:00:42] [#]} 35. Rc7 (35. Qd2 $1 $16) 35... Ra8 $14 36. f5 Nf8 $1 (36... exf5 $2 {is the wrong capture.} 37. e6 Kh7 (37... Rf8 $2 38. exf7+ Rxf7 39. Qe8+ Nf8 40. Nc6 $18) 38. Rxf7 $18 (38. exf7 Nf8 $16)) 37. fxe6 Nxe6 38. Nxe6 fxe6 39. Qg3 Qg5 40. Qxg5 hxg5 41. Rc2 Kf7 42. Kg1 Rh8 43. Rc6 Rh4 44. Rb6 Re4 45. Kf2 g4 46. hxg4 Rxg4 47. Kf3 Re4 48. g4 g5 49. Rb7+ Ke8 50. Rb6 Kd7 51. Rd6+ Ke7 52. Rb6 Rxe5 53. Rxb4 Re1 54. a4 Ra1 55. Rb5 Kd6 56. a5 e5 57. b4 $2 (57. Ke3 $11) 57... e4+ $19 58. Ke3 Ke5 59. Rc5 Ra2 60. Rb5 Ra3+ 61. Kd2 e3+ 62. Kc2 Kd4 63. Rb8 e2 0-1